Map: Ulrena

Players

lesha

  • Race: Terran Terran

A.I. 1 (Very Hard) - Winner!

  • Race: Terran Terran

VOD

Have the link to the VOD?

Description

Time

  • Played on: Dec. 4, 2015, 8:46 p.m.
  • Length: 18:56
Show
View Real Time Build Order
Export as new Build Order

lesha Terran 

Build Orders:  

Get SALT Encoding   

  12  0:02  SCV  
  13  0:14  SCV  
  13  0:19  Supply Depot  
  14  0:26  SCV  
  15  0:41  SCV  
  16  0:43  Barracks  
  16  0:53  SCV  
  17  1:05  SCV  
  18  1:17  SCV  
  19  1:25  Command Center  
  19  1:31  Orbital Command  
  19  1:35  Marine  
  20  1:46  Refinery  
  20  1:48  Refinery  
  20  1:55  Marine  
  20  1:59  SCV  
  21  2:11  SCV  
  22  2:17  Marine  
  23  2:34  Supply Depot  
  23  2:37  SCV  
  23  2:38  SCV  
  23  2:43  Marine  
  26  2:49  SCV  
  27  2:59  Factory  
  27  3:01  SCV  
  28  3:05  Orbital Command  
  28  3:18  Barracks Tech Lab  
  28  3:21  Bunker  
  28  3:23  SCV  
  29  3:35  SCV  
  30  3:43  Starport  
  30  3:45  Factory Tech Lab  
  30  3:46  Supply Depot  
  30  3:52  Marauder  
  32  4:01  SCV  
  33  4:05  SCV  
  33  4:09  Supply Depot  
  34  4:13  SCV  
  34  4:15  Refinery  
  35  4:17  SCV  
  36  4:25  Starport Tech Lab  
  36  4:37  Supply Depot  
  36  4:39  Factory Tech Lab  
  36  4:42  Banshee  
  39  4:49  Cloaking Field  
  39  4:58  SCV  
  39  4:59  SCV  
  41  5:10  SCV  
  41  5:11  SCV  
  43  5:16  Barracks  
  43  5:17  Barracks  
  43  5:18  Barracks  
  43  5:23  Barracks  
  43  5:28  Engineering Bay  
  43  5:30  Banshee  
  43  5:34  Marine  
  47  5:36  Siege Tank  
  50  5:45  SCV x2  
  52  5:52  Marine  
  53  5:57  SCV x2  
  53  6:01  Barracks  
  53  6:02  Engineering Bay  
  55  6:11  Marine  
  55  6:12  Marine  
  55  6:13  Barracks Reactor  
  55  6:14  Barracks Reactor  
  55  6:16  Siege Tank  
  55  6:18  Banshee  
  63  6:44  Terran Infantry Weapons Level 1, Terran Infantry Armor Level 1  
  63  6:45  Supply Depot  
  63  6:48  Barracks Tech Lab  
  63  6:50  Barracks Reactor  
  63  7:01  Refinery  
  63  7:07  Supply Depot  
  63  7:18  Marine x2  
  63  7:19  Marine x2  
  63  7:20  Marauder x2  
  71  7:23  Barracks Reactor  
  71  7:26  Marine  
  72  7:36  Marine x3  
  75  7:41  Marauder  
  77  8:17  Marine x5  
  77  8:18  Marine x3  
  77  8:19  Siege Tank  
  79  8:34  Banshee  
  82  8:51  Marine x3  
  82  8:52  Marine  
  86  8:56  Command Center  
  86  9:02  Supply Depot, Marine  
  86  9:03  Marine  
  86  9:04  Supply Depot x2, Marine  
  86  9:06  Supply Depot  
  86  9:08  Supply Depot  
  86  9:12  Stimpack  
  86  9:24  Banshee, Siege Tank  
  92  9:40  SCV  
  92  9:41  SCV  
  94  9:48  Marine x5  
  94  9:49  Marine x4  
  94  9:51  Marauder  
  105  9:52  SCV  
  105  9:53  SCV  
  107  10:00  Armory  
  107  10:05  SCV  
  107  10:06  Banshee  
  111  10:08  Marauder  
  111  10:12  Marauder  
  115  10:17  Orbital Command  
  115  10:36  Marine x2  
  115  10:37  Marine x6  
  115  10:39  Marauder x2  
  115  10:42  Command Center  
  127  10:49  Banshee  
  130  10:54  Marine x3  
  133  11:01  Marauder x2  
  133  11:04  Marine x4  
  141  11:13  Combat Shields  
  141  11:20  Supply Depot  
  141  11:21  Supply Depot  
  141  11:22  Supply Depot x2  
  141  11:24  Supply Depot  
  141  11:41  Banshee, SCV, Marine x4  
  141  11:42  SCV x2  
  151  11:53  SCV  
  146  11:54  SCV x2  
  145  12:03  Terran Infantry Weapons Level 2, Terran Infantry Armor Level 2  
  145  12:10  Barracks  
  145  12:14  Barracks  
  145  12:15  Barracks  
  145  12:22  Marine  
  145  12:23  Marine x6  
  145  12:24  Medivac  
  154  12:31  Concussive Shells  
  154  12:38  Starport  
  154  12:54  Medivac  
  154  12:58  Starport  
  156  13:17  Barracks Reactor x3  
  156  13:18  Marine  
  156  13:19  Marine x6  
  163  13:22  Marauder x2  
  163  13:24  Medivac  
  169  13:32  Starport Reactor  
  169  13:38  Starport Reactor  
  169  13:43  Marauder  
  161  13:54  Medivac, Marine x7  
  161  13:55  Marine x7  
  130  13:56  Marine  
  100  14:04  Marine  
  98  14:11  Marine  
  74  14:31  Marine x6  
  66  14:32  Marine x7  
  56  14:54  Marine x2  
  56  14:55  Marine x6  
  56  14:56  Marine x7  
  56  14:57  Marine  
  56  14:58  Medivac  
  56  14:59  Medivac x4  
  80  15:11  SCV x4  
  80  15:12  Marine x3  
  80  15:13  Marine  
  88  15:17  Marine x6  
  88  15:18  Marine x3  
  97  15:21  Widow Mine  
  97  15:23  SCV x4  
  97  15:24  Marauder  
  97  15:25  Marine  
  97  15:26  Marauder  
  108  15:28  Medivac  
  108  15:29  Medivac x2  
  108  15:30  Marine x4  
  108  15:34  Marine  
  108  15:35  SCV, Marine x5  
  125  15:47  Marine x6  
  125  15:48  Marine x4  
  135  15:52  Marine x2  
  135  15:53  Marine x4  
  135  15:54  Terran Infantry Weapons Level 3, Terran Infantry Armor Level 3  
  141  16:03  Medivac x2  
  141  16:04  Marine, Medivac x3  
  149  16:05  Marine x5  
  149  16:06  Marine  
  158  16:19  Marine x4  
  158  16:20  Marine x5  
  158  16:22  Marine x2  
  158  16:23  Marine x4  
  158  16:24  Thor  
  179  16:33  Medivac x2  
  179  16:34  Medivac  
  181  16:53  Marine  
  126  16:55  Marine  
  126  16:56  Marine x8  
  126  16:57  Marine x6  
  111  17:08  Medivac x2  
  107  17:11  Marine  
  107  17:13  Marine x3  
  107  17:14  Marine x6  
  88  17:38  Marine x7  
  88  17:39  Marine x7  
  61  18:16  Marine x4  
  61  18:17  Marine x6  
Show
View Real Time Build Order
Export as new Build Order

A.I. 1 (Very Hard) Terran - Winner!

Build Orders: Bio Tank 

Get SALT Encoding   

  12  0:00  SCV  
  13  0:13  SCV  
  14  0:20  Supply Depot  
  14  0:25  SCV  
  15  0:30  Refinery  
  15  0:42  SCV  
  16  0:47  Barracks  
  16  0:54  SCV  
  17  1:06  SCV  
  18  1:18  SCV  
  19  1:33  Orbital Command  
  19  1:35  Marine  
  19  1:36  Factory  
  19  1:38  Supply Depot  
  20  1:52  Barracks  
  20  1:53  Marine  
  21  1:59  SCV  
  22  2:08  Refinery  
  22  2:11  Marine  
  22  2:13  SCV  
  24  2:22  Supply Depot, Factory Tech Lab  
  24  2:26  SCV  
  24  2:29  Marine  
  26  2:38  Marine  
  26  2:43  Siege Tank  
  30  2:46  SCV  
  30  2:49  Marine  
  32  2:56  Marine  
  33  3:00  SCV, Supply Depot  
  34  3:07  Marine  
  35  3:14  Marine  
  35  3:15  Siege Tank  
  39  3:22  SCV  
  39  3:25  Marine  
  41  3:30  Supply Depot  
  41  3:32  Marine  
  42  3:35  SCV  
  43  3:48  SCV  
  44  4:00  SCV  
  44  4:01  Command Center  
  44  4:02  Barracks Tech Lab  
  45  4:03  Barracks Tech Lab  
  45  4:12  SCV  
  45  4:15  Supply Depot  
  46  4:20  Marine  
  46  4:23  Marauder  
  49  4:24  SCV  
  50  4:33  Stimpack  
  50  4:39  Marauder  
  50  4:44  Marauder  
  54  4:47  Barracks  
  54  5:00  Marauder  
  54  5:04  Supply Depot  
  54  5:05  Marine  
  57  5:12  Siege Tank  
  60  5:15  SCV  
  60  5:20  SCV  
  60  5:21  Marine  
  62  5:24  Marauder  
  62  5:27  SCV  
  66  5:32  SCV  
  67  5:35  Barracks Reactor  
  67  5:39  Marauder  
  67  5:40  SCV  
  70  5:44  SCV  
  70  5:45  Siege Tank, Marauder  
  76  5:52  SCV  
  76  5:55  Supply Depot  
  76  5:56  SCV  
  78  5:59  Combat Shields  
  78  6:01  Marauder  
  78  6:04  SCV  
  81  6:06  Marauder  
  81  6:08  SCV  
  84  6:16  SCV  
  84  6:17  Engineering Bay  
  85  6:22  Marauder  
  85  6:24  Supply Depot, SCV  
  88  6:28  SCV  
  89  6:33  Concussive Shells  
  89  6:36  SCV  
  89  6:37  Engineering Bay  
  90  6:40  SCV  
  90  6:44  Terran Infantry Weapons Level 1  
  90  6:46  Missile Turret  
  91  6:48  SCV  
  91  6:50  Supply Depot  
  91  6:53  Missile Turret  
  92  6:58  Barracks  
  92  7:00  Starport  
  92  7:01  Orbital Command  
  92  7:02  Terran Infantry Armor Level 1  
  92  7:06  Marine  
  92  7:08  Marine  
  94  7:15  Supply Depot  
  94  7:23  Refinery  
  94  7:25  Siege Tank, Marauder  
  101  7:30  Refinery, Marauder  
  101  7:38  Starport Reactor  
  101  7:40  SCV  
  101  7:42  SCV  
  97  7:50  Missile Turret  
  96  7:52  SCV  
  96  7:54  SCV  
  96  7:57  Siege Tank  
  96  7:58  Command Center  
  101  8:04  SCV  
  99  8:08  SCV  
  94  8:14  Medivac  
  94  8:16  SCV  
  94  8:20  SCV  
  94  8:23  Marine  
  88  8:28  SCV  
  88  8:29  Siege Tank, Marine  
  93  8:36  Marine  
  94  8:47  Missile Turret, Medivac  
  96  8:51  Marauder  
  98  8:56  Supply Depot, Marine x2  
  98  8:57  Marine  
  98  8:58  Marine  
  98  9:01  Widow Mine  
  89  9:09  SCV  
  79  9:10  SCV  
  79  9:11  SCV  
  79  9:12  Marauder  
  79  9:14  Marine x3  
  86  9:22  SCV x2  
  86  9:23  SCV  
  89  9:25  Liberator  
  89  9:30  Siege Tank  
  92  9:32  Marauder  
  92  9:34  SCV x2, Liberator  
  92  9:36  SCV  
  100  9:46  SCV  
  100  9:47  SCV  
  100  9:48  SCV  
  106  9:56  Marine  
  106  9:58  SCV, Marine  
  106  9:59  SCV  
  110  10:00  SCV  
  110  10:02  Siege Tank  
  114  10:08  Supply Depot, Liberator  
  114  10:10  SCV  
  115  10:14  Marauder, Missile Turret, Orbital Command  
  115  10:16  Marauder  
  115  10:19  Marine  
  115  10:20  Missile Turret, Marine  
  124  10:30  Armory  
  124  10:34  Siege Tank  
  127  10:36  Marauder  
  127  10:37  Supply Depot, Marauder  
  127  10:41  Missile Turret  
  131  10:49  Refinery  
  131  10:53  Refinery  
  131  11:01  Medivac  
  133  11:06  Command Center, Widow Mine  
  133  11:10  Supply Depot  
  135  11:18  Factory, Terran Infantry Weapons Level 2  
  135  11:23  Starport  
  135  11:25  Missile Turret  
  135  11:26  Marine  
  135  11:27  Barracks, Marine  
  135  11:28  Hi-Sec Auto Tracking, Marine x2  
  139  11:34  Medivac, Widow Mine  
  139  11:36  Supply Depot  
  139  11:39  Viking  
  145  11:46  Marauder  
  147  11:48  Marauder  
  149  11:56  Missile Turret  
  149  11:58  Viking  
  151  12:02  Supply Depot, Factory Tech Lab  
  151  12:03  Siege Tank  
  151  12:04  Viking, Marine  
  151  12:07  Marauder  
  159  12:09  Armory, Viking, Marauder  
  163  12:19  SCV x3  
  163  12:20  SCV, Refinery  
  167  12:31  SCV  
  167  12:32  SCV, Refinery, Starport Tech Lab  
  167  12:33  Planetary Fortress, Missile Turret  
  167  12:34  Viking  
  167  12:35  Missile Turret  
  171  12:37  Command Center, Supply Depot  
  171  12:42  Viking  
  173  12:51  Raven  
  175  12:52  High Capacity Fuel Tanks, Building Armor  
  175  12:54  Barracks Tech Lab  
  175  12:57  Marine  
  176  12:58  Marine  
  176  13:03  Ghost Academy, Marine  
  178  13:06  Marauder  
  178  13:08  Marauder  
  184  13:13  Marauder  
  184  13:16  Viking  
  186  13:20  Viking  
  186  13:22  Terran Ship Weapons Level 1  
  186  13:23  Marine  
  186  13:24  Marine  
  186  13:25  Marine  
  191  13:28  Marauder  
  191  13:29  Marine  
  191  13:33  Raven  
  191  13:34  Marine  
  197  13:38  Terran Infantry Weapons Level 3  
  197  13:42  Marine  
  197  13:43  Marine x2  
  197  13:45  Liberator  
  197  13:47  Siege Tank, Ghost  
  197  13:48  Siege Tank  
  198  13:49  Marauder  
  198  13:51  Marine  
  198  13:53  Liberator  
  198  13:54  Terran Vehicle Weapons Level 1  
  166  14:00  Marine  
  166  14:01  Marine x2  
  166  14:02  Liberator  
  147  14:10  Marauder x2  
  147  14:16  Marine  
  146  14:18  Marine  
  146  14:19  Marine x2  
  146  14:21  Refinery  
  145  14:27  Refinery  
  145  14:28  Liberator  
  132  14:31  Marine, Marauder  
  132  14:34  Marauder  
  132  14:36  Planetary Fortress, Marine  
  132  14:37  Marine x2  
  135  14:39  Missile Turret  
  135  14:41  Missile Turret  
  135  14:49  Marine  
  135  14:50  Command Center  
  135  14:52  Marine  
  133  14:53  Viking, Marine  
  133  14:55  Marauder, Marine  
  133  14:58  Marine  
  140  15:02  Viking  
  142  15:07  Marine  
  142  15:09  Ghost  
  142  15:11  Marine  
  142  15:13  Marine  
  147  15:16  Marine  
  147  15:17  Marauder  
  150  15:22  Medivac  
  150  15:25  Marauder  
  150  15:27  Viking  
  156  15:29  Marine  
  156  15:31  Marine  
  156  15:32  SCV, Medivac  
  156  15:34  Marine  
  161  15:38  Ghost, Marauder  
  161  15:40  Personal Cloaking  
  165  15:46  Ghost  
  165  15:47  Marine  
  165  15:49  Marine  
  169  15:52  Medivac, Marine  
  172  15:57  Viking  
  172  15:59  Marine  
  172  16:02  Medivac  
  172  16:03  Planetary Fortress  
  177  16:05  Marine  
  177  16:06  Ghost  
  177  16:07  Marine  
  177  16:09  Marine  
  182  16:12  Missile Turret  
  182  16:13  Missile Turret  
  182  16:15  Command Center, Marauder  
  182  16:17  Marine  
  185  16:20  Terran Infantry Armor Level 2  
  185  16:22  Viking  
  187  16:27  Medivac, Marine  
  187  16:28  Marine  
  187  16:29  Marine  
  187  16:32  Viking  
  194  16:35  Ghost, Marauder  
  194  16:36  Marine  
  199  16:45  Liberator  
  199  16:46  Siege Tank  
  199  16:47  Siege Tank  
  195  16:49  Marine x2  
  195  16:50  Marine  
  195  16:52  Medivac  
  154  16:54  Marauder  
  154  16:56  Marine  
  154  16:57  Viking  
  154  16:58  SCV  
  143  17:04  Marauder  
  143  17:07  Marine x2  
  150  17:09  Marine  
  150  17:10  Liberator  
  150  17:14  Marauder  
  150  17:15  Marine  
  153  17:18  Siege Tank  
  153  17:19  Siege Tank  
  153  17:22  Viking  
  160  17:25  Marine  
  160  17:26  Marine, Marauder  
  160  17:27  Liberator, Marine  
  160  17:28  Planetary Fortress  
  170  17:32  Missile Turret  
  170  17:33  Marine  
  170  17:36  Missile Turret, Marauder  
  155  17:43  Marine  
  149  17:44  Nuke, Marine x2  
  149  17:47  Marauder  
  149  17:51  Marine  
  150  17:52  Viking  
  150  17:57  Marauder  
  146  18:01  Marine  
  146  18:02  Marine x2  
  146  18:09  Marine, Marauder  
  146  18:10  Viking  
  147  18:17  Command Center  
  147  18:18  Marine x2  
  136  18:21  Marine  
  136  18:22  Viking, Marine  
  138  18:27  Marauder  
  145  18:36  Marine  
Tags
 
Composition
Bio Tank
Matchup
TvT
Race
Terran
Add a new tag
Caveats
  • Supply blocks, unpowered buildings, or Contaminate may cause inaccurate times.
  • Supply counts are checked every 10 seconds.